 Dungeon Crawl Stone Soup version 0.19-a0-1071-g4ed3155 (webtiles) character file.

95 4thArraOfDagon the Chopper (level 4, -1/61 HPs)
             Began as a Minotaur Berserker on Aug 5, 2016.
             Was a Follower of Trog.
             Slain by a phantom (7 damage)
             ... on level 4 of the Dungeon.
             The game lasted 00:00:59 (141 turns).

4thArraOfDagon the Chopper (Minotaur Berserker)      Turns: 141, Time: 00:00:59

Health: -1/61      AC:  2    Str: 28    XL:     4   Next: 40%
Magic:  3/3        EV: 12    Int:  4    God:    Trog [*.....]
Gold:   7          SH:  0    Dex:  9    Spells: 0 memorised, 3 levels left

rFire  . . .     SeeInvis .     a - +0 hand axe
rCold  . . .     Gourm    .     b - +0 animal skin
rNeg   . . .     Faith    .     (no shield)
rPois  .         Spirit   .     (helmet restricted)
rElec  .         Dismiss  .     (no cloak)
rCorr  .         Reflect  .     (no gloves)
SustAt .         Harm     .     (no boots)
MR     .....                    (no amulet)
Stlth  ..........               (no ring)
                                d - ring of flight

@: berserking (expiring), very quick
A: retaliatory headbutt, horns 2
a: Berserk, Burn Spellbooks, Renounce Religion, Evoke Flight


You were on level 4 of the Dungeon.
You worshipped Trog.
Trog was aware of your devotion.
You were not hungry.

You visited 1 branch of the dungeon, and saw 4 of its levels.

You collected 7 gold pieces.

Inventory:

Hand Weapons
 a - a +0 hand axe (weapon)
Armour
 b - a +0 animal skin (worn)
Jewellery
 d - a ring of flight (left hand)
Comestibles
 c - a bread ration


   Skills:
 + Level 4.4 Fighting
 * Level 5.2 Axes
 + Level 3.4 Armour
 - Level 2.1 Dodging


You had 3 spell levels left.
You didn't know any spells.

Dungeon Overview and Level Annotations

Branches:
Dungeon (4/15)
 Temple: D:4-7

Altars:
Cheibriados


Innate Abilities, Weirdness & Mutations

You reflexively headbutt those who attack you in melee.
You have a pair of horns on your head.


Message History

The phantom is heavily damaged.
The phantom hits you!
* * * LOW HITPOINT WARNING * * *
Unknown command.
You closely miss the phantom. Your headbutt misses the phantom.
The phantom is heavily damaged.
You slash the jackal!
You kill the jackal!
Trog accepts your kill.
A jackal comes into view.
You closely miss the phantom.
The phantom is heavily damaged.
The jackal barks!
The phantom hits you!
* * * LOW HITPOINT WARNING * * *
Unknown command.
You slash the phantom!
The phantom is almost destroyed.
The phantom hits you!
You die...

####..# #####.# .#
##....# ####.# <#.888#
..#.. ##....# #...
#888.# ... #....# #.#
#.888# #####W###.###
#....# ##.≈≈≈@h.h..hh
#888.#####.≈≈≈≈†##.###.
#....#.....≈≈.≈≈_#
#......###.≈≈≈≈≈##
######## ##.≈≈≈##
######


You could see a phantom, a hound (wandering) and 3 jackals.

Vanquished Creatures
  A jelly (D:1)
  An iguana (D:4)
  5 oozes (D:1)
  A dart slug (D:4)
  3 giant cockroaches
  3 jackals
  A ball python (D:2)
  A giant newt (D:2)
  4 rats (D:1)
20 creatures vanquished.

Notes
Turn   | Place    | Note
-------+----------+-------------------------------------------
     0 | D:1      | 4thArraOfDagon the Minotaur Berserker began the quest for the Orb.
     0 | D:1      | Reached XP level 1. HP: 19/19 MP: 0/0
     1 | D:1      | Found a runed door.
     7 | D:1      | Noticed a jelly
    12 | D:1      | Reached skill level 4 in Axes
    12 | D:1      | Reached XP level 2. HP: 25/27 MP: 1/1
    15 | D:1      | Reached XP level 3. HP: 10/33 MP: 2/2
   127 | D:4      | Found a snail-covered altar of Cheibriados.
   133 | D:4      | Noticed a phantom
   136 | D:4      | Reached skill level 5 in Axes
   136 | D:4      | Reached XP level 4. HP: 24/41 MP: 3/3
   141 | D:4      | Slain by a phantom

Vault maps used:
D:1:      dpeg_arrival_caged_fury, minmay_misc_feat_ornament
D:2:      lemuel_crystal_altar, minmay_statues_item, uniq_jessica
D:3:      nicolae_overflow_crystal_walls, lemuel_round_altar,
          ecumenical_altar_2, portal_sewer_entry_b, minivault_23, st_stairs_6,
          uniq_terence
D:4:      kennysheep_slug_shrine, lemuel_doored_altar, first_bread,
          serial_co_window_serial, co_window_paths_b,
          co_window_of_opportunity_a, co_window_of_opportunity_a,
          co_window_paths_a, co_window_paths_a, co_window_paths_a,
          co_window_corner_a, co_window_cross_2, co_window_of_opportunity_c,
          co_window_corner_ca, co_window_2corner, co_window_corner_cb,
          co_window_unsneaky_path_b, glass_columns_c, glass_columns_b,
          glass_columns_a, small_statue_alley_b, uniq_duvessa

Skill      XL: |  1  2  3 |
---------------+----------+-----
Axes           | 4 5 |  5.2
Fighting       | 4 |  4.4
Armour         | 3 |  3.4
Dodging        | |  2.1

Action                   |  1- 3 |  4- 6 || total
-------------------------+-------+-------++-------
Melee: Hand axe          |    19 |     5 ||    24
       Headbutt          |     6 |     1 ||     7
Invok: Berserk           |     2 |       ||     2
 Stab: Sleeping          |     1 |       ||     1
Armor: Animal skin       |     5 |       ||     5
Dodge: Dodged            |    15 |       ||    15
